 Dungeon Crawl Stone Soup version 0.31-a0-1405-g2bb1a01664 (webtiles) character file.

Game seed: 16924726977882559880

33 Dordric the Magician (level 3, -1/28 HPs)
             Began as a Djinni Air Elementalist on Dec 26, 2023.
             Slain by a worm (10 damage)
             ... on level 1 of the Dungeon.
             The game lasted 00:01:13 (846 turns).

Dordric the Magician (Djinni Air Elementalist)       Turns: 846, Time: 00:01:14

Health: -1/28      AC:  2    Str:  7    XL:     3   Next: 47%
Gold:   31         EV: 12    Int: 18    God:
                   SH:  0    Dex: 13

rFire   + + .        d - staff of alchemy
rCold   x . .        (no shield)
rNeg    . . .        a - +0 robe
rPois   ∞            (no helmet)
rElec   .            (no cloak)
rCorr   .            (no gloves)
SInv    .            (boots unavailable)
Will    .....        (no amulet)
Stlth   ++           (no ring)
HPRegen 0.24/turn    (no ring)
MPRegen 0.00/turn

%: infuse magic (-2 HP)
@: flying
A: sickness immunity, fire resistance 2, cold vulnerability 1, float, innate
caster, HP casting, extra vitality 1
a: no special abilities


You were on level 1 of the Dungeon.
You visited 1 branch of the dungeon, and saw 2 of its levels.

You collected 31 gold pieces.

Inventory:

Armour
 a - a +0 robe (worn)
Magical Staves
 d - a staff of alchemy (weapon)
Scrolls
 b - a scroll of fear {unknown}
 c - a scroll of identify {unknown}
Potions
 e - a potion of resistance {unknown}
 f - a potion of magic {unknown}


   Skills:
 + Level 1.9 Fighting
 - Level 2.1 Dodging
 - Level 1.5 Stealth
 + Level 3.5 Spellcasting
 + Level 3.5 Conjurations
 + Level 3.5 Hexes
   Level 0.0 Charms
 + Level 3.5 Summonings
 + Level 3.5 Necromancy
 + Level 3.5 Translocations
   Level 0.0 Transmutations
 + Level 3.5 Fire Magic
 + Level 3.5 Ice Magic
 + Level 3.5 Air Magic
 + Level 3.5 Earth Magic
 + Level 3.5 Alchemy


You knew the following spells:

 Your Spells              Type           Power      Damage    Failure   Level
a - Shock                 Conj/Air       60%        1d6       3%          1
b - Static Discharge      Conj/Air       30%        3-5/arc   5%          2
c - Swiftness             Air            15%        N/A       11%         3
d - Airstrike             Air            7%         2d(2-18)  36%         4
e - Kiss of Death         Conj/Necr      60%        2d10      3%          1
Your spell library was empty.

Dungeon Overview and Level Annotations

Branches:
Dungeon (2/15)

Altars:


Innate Abilities, Weirdness & Mutations

You are immune to sickness and miasma.
You are immune to poison.
Your flesh is very heat resistant. (rF++)
You are vulnerable to cold. (rC-)
You float through the air rather than walking.
You learn spells naturally, not from books.
Your magical power is your life essence.
You have superior vitality. (+4 MHP)


Message History

There is a stone staircase leading up here.
Casting: Shock (safe; 3% risk of failure)
Confirm with . or Enter, or press ? or * to list all spells.
Okay, then.
The zap hits the adder.
The adder is moderately wounded.
The adder hisses angrily.
The zap hits the adder.
The adder is severely wounded.
The zap misses you. The adder bites you but does no damage.
The zap misses the adder.
The zap hits the adder.
The adder is almost dead.
The zap misses you. The adder bites you. The adder misses you.
Okay, then.
The zap hits the adder.
You kill the adder!
The zap misses you.
The zap hits the worm.
The worm is lightly wounded.
The zap hits the worm.
The worm is lightly wounded.
The zap hits the worm.
The worm is heavily wounded.
The worm bites you.
The zap hits the worm.
The worm is heavily wounded.
The zap hits the worm.
The worm is severely wounded.
The worm barely misses you.
The zap hits the worm.
The worm is severely wounded.
The worm bites you!
* * * LOW HITPOINT WARNING * * *
You are too injured to fight recklessly!
You are too injured to fight recklessly!
You are too injured to fight recklessly!
You fly upwards.
There is a stone staircase leading down here.
The worm bites you!
You die...

#.##...###.# #.#
#.....####.. ..##...#
#.#####.# #.....# ###
#.##...# #.#.....#####.#.#.#
#.##...###.#...............#
#.##.#..##.########......###
#.##.#.......# #......###
#.##.#####...# #.#.####
..##.#####...####.#.#
##......##.....>@.#.####
##.............w.......# ###
##......#..#######.#######.#
##......#.#.### #.# ###.##
##......#.##..####'####..##
##......#.####..'...'..###
##......#.# ####.<.####
#########.####..'...'..### #
#.##..####'####..##


You could see a worm.

Vanquished Creatures
  An adder (D:2)
  A dart slug (D:1)
  A bat (D:1)
  4 endoplasms (D:1)
  A giant cockroach (D:1)
  2 hobgoblins (D:1)
  3 jackals (D:1)
  4 ball pythons (D:1)
  A kobold (D:1)
  A rat (D:1)
19 creatures vanquished.

Notes
Turn   | Place    | Note
-------+----------+-------------------------------------------
     0 | D:1      | Dordric the Djinni Air Elementalist began the quest for the
                  | Orb.
     0 | D:1      | Dordric set off with the following spells memorised: Shock,
                  | Static Discharge, Swiftness, Airstrike.
     0 | D:1      | Reached XP level 1. HP: 15/15 MP: 0/0
   227 | D:1      | Reached XP level 2. HP: 20/22 MP: 0/0
   285 | D:1      | Reached skill level 1 in Fighting
   730 | D:1      | Reached XP level 3. HP: 26/27 MP: 0/0
   730 | D:1      | Learned a level 1 spell: Kiss of Death
   846 | D:1      | Slain by a worm

Illustrated notes

Levels and vault maps discovered:
D:1:      dpeg_arrival_radiant, layout_basic, minmay_pentomino_u4
D:2:      layout_loops_ring, ebering_ecumenical_altar_ruins, st_stairs_8,
          fountainhead

Skill      XL: |  1  2 |
---------------+-------+-----
Fighting       | 1 |  1.9
Dodging        | |  2.1
Stealth        | |  1.5
Spellcasting   | |  3.5
Conjurations   | |  3.5
Hexes          | |  3.5
Summonings     | |  3.5
Necromancy     | |  3.5
Translocations | |  3.5
Fire Magic     | |  3.5
Ice Magic      | |  3.5
Air Magic      | |  3.5
Earth Magic    | |  3.5
Alchemy        | |  3.5

Action                     || total
---------------------------++-------
   Cast: Shock             ||    50
 Armour: Robe              ||    13
  Dodge: Dodged            ||     8

Table legend: (Time is in decaauts)
 A = Elapsed time spent in this place.
 B = Non-inter-level travel time spent in this place.
 C = Inter-level travel time spent in this place.
 D = Time resting spent in this place.
 E = Time spent auto-exploring this place.
 F = Levels seen in this place.
 G = Mean time per level.
                   A        B        C        D        E       F      G
               +--------+--------+--------+--------+--------+-----+--------+
         Total |    846 |    817 |     29 |      0 |    720 |   2 |  423.0 |
       Dungeon |    846 |    817 |     29 |      0 |    720 |   2 |  423.0 |
               +--------+--------+--------+--------+--------+-----+--------+

Top non-repeatable levels by time:
     D:1: 831 daAuts
     D:2: 15 daAuts
